 Dungeon Crawl Stone Soup version 0.19-a0-36-g4a0968a (webtiles) character file.

74 M4edhros the Poker (level 4, -2/48 HPs)
             Began as an Ogre Chaos Knight on May 4, 2016.
             Shot with a stone by a goblin (4 damage)
             ... led by Robin
             ... on level 2 of the Dungeon.
             The game lasted 00:01:07 (902 turns).

M4edhros the Poker (Ogre Chaos Knight)               Turns: 902, Time: 00:01:08

Health: -2/48      AC:  5    Str: 17    XL:     4   Next: 30%
Magic:  4/4        EV: 10    Int: 11    God:    Xom [..*...]
Gold:   76         SH:  0    Dex: 10    Spells: 0 memorised, 3 levels left

rFire  . . .     SeeInvis .     a - +0 spear (chaos)
rCold  . . .     Gourm    .     b - +2 robe
rNeg   . . .     Faith    .     (no shield)
rPois  .         Spirit   .     (helmet restricted)
rElec  .         Dismiss  .     (no cloak)
rCorr  .         Reflect  .     (gloves unavailable)
SustAt .         Harm     .     (boots unavailable)
MR     .....                    (no amulet)
Stlth  +.........               (no ring)
                                (no ring)

@: not resistant to hostile enchantments, very unstealthy
A: unfitting armour, tough skin 1
a: Renounce Religion


You were on level 2 of the Dungeon.
You worshipped Xom.
You were a toy of Xom.
You were hungry.

You visited 1 branch of the dungeon, and saw 2 of its levels.

You collected 76 gold pieces.

Inventory:

Hand Weapons
 a - a +0 spear of chaos (weapon)
Armour
 b - a +2 robe (worn)
Scrolls
 e - 2 scrolls of remove curse {unknown}
 f - a scroll of random uselessness {unknown}
 g - 2 scrolls of identify {unknown}
 h - a scroll of recharging {unknown}
Comestibles
 c - a bread ration
 i - a slice of pizza


   Skills:
 - Level 4.0 Fighting
 + Level 5.0 Polearms
 - Level 2.1 Dodging


You had 3 spell levels left.
You didn't know any spells.

Dungeon Overview and Level Annotations

Branches:
Dungeon (2/15)

Altars:

Annotations:
D:2 Robin


Innate Abilities, Weirdness & Mutations

You are too large for most types of armour.
You have tough skin (AC +1).


Message History

Okay, then.
Read which item? (? for menu, Esc to quit)
As you read the scroll labeled SEOXEMPE GOKLI, it crumbles to dust.
The creatures around you are filled with an inner flame!
It was a scroll of immolation.
Something throws the goblin at you!
The goblin unwields an uncursed hunting sling.
The goblin hits you but does no damage.
Attack whom?
Press: ? - help, Dir - move target cursor You reach to attack!
You closely miss something.
The goblin no longer looks unusually strong.
The goblin goes into a battle-frenzy!
Something hits you but does no damage.
You aren't carrying any potions.
The goblin wields an uncursed hunting sling.
The goblin shoots a stone.
The stone misses you.
You see here a stone.
The goblin shoots a stone.
The stone hits you.
You die... "Huh?
Did I miss anything?"

###############
#{)...........#
#(###########.#
##g## #.# ##(.g#
#.#
#@.#.....#.####.##
#....####.........
#(#.## #######.##
#.#.# #.# #..#.
#.# ..# #. #.# #..
##.#######.## #.#
.>..........
#.#######.##


You could see 2 goblins.

Vanquished Creatures
  Ijyb (D:2)
  A dart slug (D:1)
  A ball python (D:1)
  14 goblins
  9 hobgoblins
  2 jackals (D:1)
  A quokka (D:2)
  2 bats (D:1)
  6 kobolds
  4 rats
41 creatures vanquished.

Notes
Turn   | Place    | Note
--------------------------------------------------------------
     0 | D:1      | M4edhros the Ogre Chaos Knight began the quest for the Orb.
     0 | D:1      | Reached XP level 1. HP: 24/24 MP: 1/1
   101 | D:1      | XOM: potion effect (invisibility)
   102 | D:1      | XOM: harmless Chrm miscast
   125 | D:1      | Reached XP level 2. HP: 21/32 MP: 2/2
   274 | D:1      | Reached skill level 4 in Polearms
   323 | D:1      | Reached XP level 3. HP: 31/39 MP: 3/3
   746 | D:2      | Noticed Ijyb
   753 | D:2      | Killed Ijyb
   753 | D:2      | Reached XP level 4. HP: 47/48 MP: 4/4
   851 | D:2      | Noticed Robin
   858 | D:2      | XOM: harmless Trmt miscast
   869 | D:2      | XOM: harmless Trmt miscast
   877 | D:2      | Reached skill level 5 in Polearms
   897 | D:2      | HP: 2/48 [something (3)]
   902 | D:2      | Shot with a stone by a goblin

Vault maps used:
D:1:      dpeg_arrival_morbid_curiosity, dk_noncrumbling_3
D:2:      uniq_robin, uniq_iyjb

Skill      XL: |  1  2  3  4 |
---------------+-------------+-----
Polearms       | 4 5 |  5.0
Fighting       | |  4.0
Dodging        | |  2.1

Action                   |  1- 3 |  4- 6 || total
-------------------------+-------+-------++-------
Melee: Spear             |    98 |    58 ||   156
  Use: Scroll            |       |     1 ||     1
 Stab: Invisible         |     3 |       ||     3
       Sleeping          |     3 |       ||     3
       Confused          |       |     1 ||     1
Armor: Robe              |    19 |    23 ||    42
Dodge: Dodged            |    52 |    27 ||    79
